 Dungeon Crawl Stone Soup version 0.19.1-1-g22dce08 (webtiles) character file.

160 Alarkh the Chopper (level 5, -1/42 HPs)
             Began as a Demonspawn Monk on Jan 3, 2017.
             Slain by a crocodile (5 damage)
             ... in a sewer.
             The game lasted 00:03:25 (1883 turns).

Alarkh the Chopper (Demonspawn Monk)                Turns: 1883, Time: 00:03:26

Health: -1/42      AC:  7    Str: 12    XL:     5   Next: 17%
Magic:  5/5        EV: 11    Int: 12    God:
Gold:   135        SH:  0    Dex: 15    Spells: 0 memorised, 4 levels left

rFire  . . .     SeeInvis .     a - +0 hand axe
rCold  + . .     Gourm    .     s - +0 ring mail {rC+}
rNeg   . . .     Faith    .     (no shield)
rPois  +         Spirit   .     (helmet restricted)
rElec  .         Reflect  .     (no cloak)
rCorr  .         Harm     .     (no gloves)
MR     .....                    u - +0 pair of boots (curse)
Stlth  +.........               (no amulet)
                                (no ring)
                                d - ring of poison resistance

@: no status effects
A: horns 2, rugged brown scales 1, blurry vision 1, deterioration 1
a: no special abilities


You were in a sewer.
You were hungry.

You visited 1 branch of the dungeon, and saw 3 of its levels.
You also visited: Sewer.

You collected 135 gold pieces.

Inventory:

Hand Weapons
 a - a +0 hand axe (weapon)
Armour
 b - a +0 robe
 s - a +0 ring mail of cold resistance (worn)
 u - a cursed +0 pair of boots (worn)
Jewellery
 d - a ring of poison resistance (left hand)
 l - an uncursed ring of fire
Wands
 v - a wand of polymorph (11/24)
Scrolls
 e - a scroll of identify
 f - a scroll of recharging {unknown}
 n - 2 scrolls of remove curse
 q - a scroll of blinking {unknown}
 r - a scroll of teleportation {unknown}
 w - a scroll of noise {unknown}
Potions
 h - a potion of magic
 j - a potion of curing
 m - 2 potions of degeneration
Comestibles
 c - 4 bread rations
 g - a royal jelly
 k - a beef jerky
 o - a chunk of flesh
 t - a meat ration


   Skills:
 - Level 3.0 Fighting
 + Level 5.4 Axes
 - Level 2.6 Dodging
 - Level 1.7 Stealth


You had 4 spell levels left.
You didn't know any spells.

Dungeon Overview and Level Annotations

Branches:
Dungeon (3/15)

Altars:
Ru


Innate Abilities, Weirdness & Mutations

You have a pair of horns on your head.
You are partially covered in rugged brown scales. (AC +1, +3% HP)
Scrolls take you a little longer to read.
Your body sometimes deteriorates upon taking damage.


Message History

The crocodile misses you.
You are feeling hungry.
You hit the crocodile. You headbutt the crocodile!
The crocodile is heavily wounded.
The crocodile bites you.
You closely miss the crocodile. You headbutt the crocodile!
The crocodile is severely wounded.
The crocodile bites you but does no damage.
You closely miss the crocodile. You headbutt the crocodile.
The crocodile is almost dead.
The crocodile bites you!
* * * LOW HITPOINT WARNING * * *
You barely miss the crocodile.
The crocodile is almost dead.
The crocodile bites you!
* * * LOW HITPOINT WARNING * * *
You hit the crocodile but do no damage.
The crocodile is almost dead.
The crocodile bites you.
You die...

##...## ##.## #.#
#.# ###### #.#
#.....# #.# $......
#.#
%$.....####.######
)(....t@...........
)$.....############
$...... #.....#
######


You could see a crocodile.

Vanquished Creatures
  6 adders
  An ooze (D:3)
  5 worms
  6 dart slugs
  3 leopard geckos
  An orc (D:3)
  A ball python (D:1)
  11 bats
  6 giant cockroaches
  5 goblins
  8 hobgoblins
  3 jackals (D:1)
  5 kobolds
  A quokka (D:2)
  4 frilled lizards
  7 rats
73 creatures vanquished.

Notes
Turn   | Place    | Note
-------+----------+-------------------------------------------
     0 | D:1      | Alarkh the Demonspawn Monk began the quest for the Orb.
     0 | D:1      | Reached XP level 1. HP: 18/18 MP: 1/1
    65 | D:1      | Reached skill level 3 in Axes
   107 | D:1      | Gained mutation: You have a pair of small horns on your head. [demonic ancestry]
   107 | D:1      | Reached XP level 2. HP: 16/24 MP: 2/2
   411 | D:1      | Gained mutation: You have a pair of horns on your head. [demonic ancestry]
   411 | D:1      | Reached XP level 3. HP: 24/29 MP: 3/3
   546 | D:1      | Reached skill level 4 in Axes
   890 | D:2      | Reached XP level 4. HP: 22/35 MP: 4/4
  1549 | D:3      | Reached skill level 5 in Axes
  1689 | D:3      | Gained mutation: You are partially covered in rugged brown scales. (AC +1, +3% HP) [demonic ancestry]
  1689 | D:3      | Reached XP level 5. HP: 19/42 MP: 5/5
  1768 | D:3      | Found a faded altar of an unknown god.
  1776 | D:3      | Became a worshipper of Ru the Awakened
  1777 | D:3      | Fell from the grace of Ru
  1799 | D:3      | Found a glowing drain.
  1810 | Sewer    | Entered a sewer
  1871 | Sewer    | Gained mutation: Your body sometimes deteriorates upon taking damage. [potion of mutation]
  1871 | Sewer    | Gained mutation: Scrolls take you a little longer to read. [potion of mutation]
  1873 | Sewer    | Noticed a crocodile
  1883 | Sewer    | Slain by a crocodile

Skill      XL: |  1  2  3  4 |
---------------+-------------+-----
Axes           | 3 4 5 |  5.4
Fighting       | |  3.0
Dodging        | |  2.6
Stealth        | |  1.7

Action                   |  1- 3 |  4- 6 || total
-------------------------+-------+-------++-------
Melee: Hand axe          |   117 |   116 ||   233
       Headbutt          |    16 |    26 ||    42
Invok: Renounce Religion |       |     1 ||     1
  Use: Scroll            |     2 |     2 ||     4
       Potion            |     1 |     2 ||     3
 Stab: Sleeping          |     2 |     1 ||     3
  Eat: Chunk             |       |     3 ||     3
Armor: Robe              |    36 |       ||    36
       Ring mail         |       |    48 ||    48
Dodge: Dodged            |    82 |    80 ||   162
